 Dungeon Crawl Stone Soup version 0.13.0-6-g40e4d2d (webtiles) character file.

138 Piginabag the Practitioner (level 2, -4/26 HPs)
             Began as a Naga Healer on Oct 15, 2013.
             Was a Believer of Elyvilon.
             Slain by a kobold
             ... wielding a +0,+0 short sword
              (5 damage)
             ... on Level 1 of the Dungeon on Oct 16, 2013.
             The game lasted 00:04:16 (944 turns).

Piginabag the Practitioner (Naga Healer)             Turns: 944, Time: 00:04:17

HP  -4/26        AC  2     Str 14      XL: 2   Next: 79%
MP   1/4         EV 10     Int 12      God: Elyvilon [**....]
Gold 118         SH  0     Dex 10      Spells:  0 memorised,  1 level left

Res.Fire  : . . .   See Invis. : +   e - +0 dagger
Res.Cold  : . . .   Warding    : .   a - +1 robe
Life Prot.: . . .   Conserve   : .   (no shield)
Res.Poison: +       Res.Corr.  : .   (no helmet)
Res.Elec. : .       Clarity    : .   (no cloak)
Sust.Abil.: . .     Spirit.Shd : .   (no gloves)
Res.Mut.  : .       Stasis     : .   (no barding)
Res.Rott. : .       Flight     : .   (no amulet)
Saprovore : . . .                    (no ring)
                                     (no ring)

@: very slow, slightly resistant to hostile enchantments, unstealthy
A: spit poison, see invisible, deformed body, poison resistance, slowness 2
a: Spit Poison, Lesser Healing, Lesser Self-Healing, Divine Protection,
Purification, Renounce Religion


You were on level 1 of the Dungeon.
You worshipped Elyvilon.
Elyvilon was pleased with you.
You were not hungry.

You visited 1 branch of the dungeon, and saw 1 of its levels.

You collected 18 gold pieces.

Inventory:

Hand weapons
 e - a +0,+0 dagger (weapon)
Armour
 a - a +1 robe (worn)
Comestibles
 d - a bread ration
 f - a meat ration
Scrolls
 g - a scroll of teleportation {unknown}
 h - a scroll of random uselessness {unknown}
 i - a scroll of noise {unknown}
Potions
 b - a potion of curing
 c - a potion of heal wounds
 j - a potion of restore abilities {unknown}
 k - a potion of agility {unknown}


   Skills:
 + Level 2.1 Fighting
 + Level 1.7 Dodging
 + Level 0.2 Unarmed Combat
 + Level 4.6 Invocations


You had one spell level left.
You didn't know any spells.

Dungeon Overview and Level Annotations

Branches:
Dungeon (1/27)

Altars:


Innate Abilities, Weirdness & Mutations

You cannot wear boots.
You can spit poison.
You have supernaturally acute eyesight.
Armour fits poorly on your strangely shaped body.
Your system is resistant to poisons.
You cover ground very slowly.


Message History

The kobold hits you with a short sword.
You closely miss the kobold. The kobold closely misses you.
You hit the kobold but do no damage. The kobold hits you with a short sword.
You hit the kobold but do no damage. The kobold barely misses you.
You hit the kobold but do no damage. The kobold hits you with a short sword.
* * * LOW HITPOINT WARNING * * *
You closely miss the kobold. The kobold hits you with a short sword.
* * * LOW HITPOINT WARNING * * *
Use which ability? (? or * to list)
You are healed.
You feel somewhat more hungry. The kobold misses you.
You barely miss the kobold. The kobold hits you with a short sword.
You hit the kobold but do no damage. The kobold hits you with a short sword.
* * * LOW HITPOINT WARNING * * *
You hit the kobold but do no damage. The kobold hits you with a short sword.
* * * LOW HITPOINT WARNING * * *
You hit the kobold but do no damage. The kobold closely misses you.
You hit the kobold but do no damage. The kobold hits you with a short sword.
* * * LOW HITPOINT WARNING * * *
You hit the kobold but do no damage. The kobold hits you with a short sword.
You die...

..##.# .........
......... #.#..##.#
### #.# #........ ...
... .....##.# #.# ###
#..##.# #.# ####.
#..K..# #.# #....
#.@##.#####%###....
#.......%..........
#..................
.........####.#.......
########## ##.###...#
### #####


You could see a kobold.

Vanquished Creatures
  A giant gecko (D:1)
  A giant cockroach (D:1)
  3 hobgoblins (D:1)
  A kobold (D:1)
  4 bats (D:1)
  6 goblins (D:1)
  2 rats (D:1)
18 creatures vanquished.

Notes
Turn   | Place    | Note
--------------------------------------------------------------
     0 | D:1      | Piginabag, the Naga Healer, began the quest for the Orb.
     0 | D:1      | Reached XP level 1. HP: 19/19 MP: 2/2
   498 | D:1      | Reached XP level 2. HP: 16/26 MP: 2/4
   943 | D:1      | HP: 1/26 [kobold/short sword (2)]
   944 | D:1      | Slain by a kobold

Action                   || total
-------------------------++-------
Melee: Unarmed           ||    61
       Dagger            ||    87
       Club              ||     1
Invok: Lesser Self-Heali ||     8
 Abil: Spit Poison       ||     6
